[Event "FIDE Chesscom Grand Swiss 2019"]
[Site "Douglas-Isle of Man"]
[Date "2019.10.15"]
[Round "6.23"]
[White "Sargissian, Gabriel"]
[Black "Abasov, Nijat"]
[Result "1/2-1/2"]
[ECO "D16"]
[WhiteElo "2690"]
[BlackElo "2632"]
[Annotator "RC"]
[PlyCount "157"]
[EventDate "2019.10.10"]
[EventType "swiss"]
[EventCountry "GBR"]
[SourceTitle "playchess.com"]
[Source "ChessBase"]
[SourceQuality "1"]
[TimeControl "40/6000+30:20/3000+30:900+30"]

1. d4 d5 2. c4 c6 3. Nf3 Nf6 4. Nc3 dxc4 5. a4 e6 6. e3 c5 7. Bxc4 cxd4 8. Nxd4 Bb4 9. O-O O-O 10. Qe2 a6 11. Rd1 Qc7 12. Bd2 Nc6 13. Nxc6 Qxc6 14. Ne4 Be7 15. Nxf6+ Bxf6 16. Bb4 Rd8 17. Bc3 Rxd1+ 18. Rxd1 e5 19. Bxe5 Be6 20. Bxe6 Bxe5 21. Bd5 Qxa4 22. b3 Qd7 23. Qf3 Qc7 24. g3 g6 25. Bxb7 Rb8 26. Bd5 a5 27. Kg2 Kg7 28. Rd3 Rb6 29. Qd1 Rd6 30. e4 Rd8 31. Rd2 Qc3 32. Ra2 Rd7 33. Qe2 Rc7 34. Qb5 Bd4 35. Bc4 Re7 36. Qd5 h5 37. h4 Bf6 38. f4 Bd4 39. e5 a4 40. Qf3 Qxf3+ 41. Kxf3 axb3 42. Bxb3 Rb7 43. Bd5 Ra7 44. Rd2 Ra3+ 45. Kg2 Be3 46. Rd1 Ra4 47. Rb1 Ra5 48. e6 fxe6 49. Bxe6 Kf6 50. Bc4 Ra4 51. Bd5 Ra5 52. Rd1 Bc5 53. Re1 Ra6 54. Re5 Bd4 55. Re8 Rd6 56. Be4 Bb6 57. Rc8 Kg7 58. Kf3 Kf7 59. Rb8 Bd8 60. Rc8 Kg7 61. Bc2 Bf6 62. Rc7+ Kh6 63. Be4 Re6 64. Bd5 Re7 65. Rc6 Kg7 66. Rc8 Ra7 67. Rb8 Rc7 68. Be4 Ra7 69. Rb6 Ra3+ 70. Kg2 Ra2+ 71. Kh3 Re2 72. Rb7+ Kh6 73. Bd5 Re7 74. Rb6 Kg7 75. Be6 Rc7 76. Rb5 Be7 77. f5 Rc5 78. Rb7 Kf6 79. Bd7 1/2-1/2

[Event "FIDE Chesscom Grand Swiss 2019"]
[Site "Douglas-Isle of Man"]
[Date "2019.10.15"]
[Round "6.24"]
[White "Sarana, Alexey"]
[Black "Korobov, Anton"]
[Result "1/2-1/2"]
[ECO "D24"]
[WhiteElo "2655"]
[BlackElo "2679"]
[Annotator "RC"]
[PlyCount "91"]
[EventDate "2019.10.10"]
[EventType "swiss"]
[EventCountry "GBR"]
[SourceTitle "playchess.com"]
[Source "ChessBase"]
[SourceQuality "1"]
[TimeControl "40/6000+30:20/3000+30:900+30"]

1. d4 Nf6 2. c4 e6 3. Nf3 d5 4. Nc3 dxc4 5. e4 b5 6. e5 Nd5 7. Nxb5 Nb6 8. Be2 Be7 9. Be3 Nc6 10. a3 Rb8 11. Qc2 O-O 12. h4 h6 13. Rd1 Ba6 14. Nc3 Nd5 15. Bc1 Nxc3 16. bxc3 Qd5 17. Rh3 f5 18. exf6 Rxf6 19. Kf1 Rb3 20. Kg1 Bd6 21. a4 Bb7 22. Bf1 Ba8 23. Re1 Bb7 24. Rd1 Ba8 25. Be3 Qa5 26. Rc1 Qxa4 27. Nd2 Na5 28. Ne4 Bxe4 29. Qxe4 Qb5 30. g4 Qb7 31. Bg2 Qxe4 32. Bxe4 Rb5 33. g5 Rf7 34. Ra1 Bf4 35. Bg6 Rf8 36. gxh6 gxh6 37. Rf3 Bxe3 38. Rxe3 Rf6 39. h5 Nc6 40. Be4 Ra5 41. Rb1 Ne7 42. Rb7 Rg5+ 43. Kf1 Nd5 44. Bxd5 exd5 45. Rxc7 Rf7 46. Re8+ 1/2-1/2

[Event "FIDE Chesscom Grand Swiss 2019"]
[Site "Douglas-Isle of Man"]
[Date "2019.10.15"]
[Round "6.28"]
[White "Kuzubov, Yuriy"]
[Black "Cheparinov, Ivan"]
[Result "1/2-1/2"]
[ECO "D02"]
[WhiteElo "2636"]
[BlackElo "2670"]
[Annotator "RC"]
[PlyCount "191"]
[EventDate "2019.10.10"]
[EventType "swiss"]
[EventCountry "GBR"]
[SourceTitle "playchess.com"]
[Source "ChessBase"]
[SourceQuality "1"]
[TimeControl "40/6000+30:20/3000+30:900+30"]

1. d4 Nf6 2. Nf3 g6 3. Nbd2 d5 4. e3 Bg7 5. b4 a5 6. b5 c5 7. bxc6 Nxc6 8. Be2 O-O 9. O-O Bf5 10. c4 Nb4 11. Qb3 Bc2 12. Qb2 dxc4 13. Nxc4 Be4 14. Bd2 Rc8 15. Nxa5 Nfd5 16. Bxb4 Rc2 17. Qb1 Nxb4 18. Qxb4 Rxe2 19. Nd2 Bd5 20. Nab3 Qd7 21. h3 Bh6 22. Nc1 Rxe3 23. fxe3 Bxe3+ 24. Kh2 Rc8 25. Ncb3 Rc2 26. Rad1 h5 27. Rf3 Qc7+ 28. Kh1 Bxf3 29. Nxf3 Rf2 30. Nbd2 Bxd2 31. Nxd2 Qc2 32. Rg1 Qxd2 33. Qxe7 Qxd4 34. Qxb7 Rxa2 35. Rf1 Rf2 36. Rxf2 Qxf2 37. Qb8+ Kg7 38. Qe5+ f6 39. Qc7+ Kh6 40. Qc1+ g5 41. Qc8 Qe1+ 42. Kh2 Qe5+ 43. Kh1 Kg7 44. Qd7+ Kg6 45. Qc8 f5 46. Qg8+ Qg7 47. Qe8+ Qf7 48. Qd8 Qf6 49. Qg8+ Kh6 50. Qe8 g4 51. hxg4 hxg4 52. g3 Qa1+ 53. Kg2 Qa2+ 54. Kg1 Qd5 55. Qe3+ Kg6 56. Kf2 Qa2+ 57. Kg1 Qb1+ 58. Kf2 Qc2+ 59. Kg1 Qe4 60. Qb6+ Kf7 61. Qd6 Qe6 62. Qc7+ Kf6 63. Kf2 Qa2+ 64. Kg1 Qa1+ 65. Kf2 Qd4+ 66. Kg2 Ke6 67. Qc6+ Qd6 68. Qc3 Kd7 69. Kf2 Qb6+ 70. Ke2 Qb5+ 71. Ke3 Ke6 72. Qc8+ Qd7 73. Qg8+ Kf6 74. Qf8+ Qf7 75. Qh6+ Ke5 76. Qf4+ Ke6 77. Qc4+ Kf6 78. Qd4+ Kg6 79. Kf2 Qa2+ 80. Kg1 Qb1+ 81. Kf2 Qc2+ 82. Kg1 Qe4 83. Qd6+ Kf7 84. Kf2 Qf3+ 85. Kg1 Qe3+ 86. Kg2 Qe6 87. Qc7+ Kf6 88. Qb8 Qe4+ 89. Kf2 Qd4+ 90. Kg2 Ke6 91. Qe8+ Kd5 92. Qa8+ Ke6 93. Qe8+ Kd6 94. Qd8+ Ke5 95. Qe8+ Kd6 96. Qd8+ 1/2-1/2

[Event "FIDE Chesscom Grand Swiss 2019"]
[Site "Douglas-Isle of Man"]
[Date "2019.10.15"]
[Round "6.29"]
[White "Leko, Peter"]
[Black "Sadhwani, Raunak"]
[Result "1/2-1/2"]
[ECO "B12"]
[WhiteElo "2670"]
[BlackElo "2479"]
[Annotator "RC"]
[PlyCount "75"]
[EventDate "2019.10.10"]
[EventType "swiss"]
[EventCountry "GBR"]
[SourceTitle "playchess.com"]
[Source "ChessBase"]
[SourceQuality "1"]
[TimeControl "40/6000+30:20/3000+30:900+30"]

1. e4 c6 2. d4 d5 3. e5 Bf5 4. Nd2 e6 5. Nb3 Nd7 6. Nf3 a6 7. Be2 c5 8. dxc5 Bxc5 9. Nxc5 Nxc5 10. Nd4 Ne7 11. O-O O-O 12. Re1 Bg6 13. Bf1 b5 14. c3 Nf5 15. Nxf5 Bxf5 16. Be3 Qe7 17. Bd4 h6 18. Qd2 Rfc8 19. Qe3 Na4 20. b3 Nc5 21. Rad1 Rc6 22. f3 Rac8 23. Rd2 Bg6 24. h3 Bh7 25. Qf2 Qb7 26. c4 bxc4 27. bxc4 Bg6 28. cxd5 exd5 29. Be3 Nd7 30. Rb2 Qc7 31. Bd4 Qa5 32. Qd2 Qd8 33. Bf2 Nf8 34. Rd1 Bc2 35. Rc1 Bg6 36. Rd1 Bc2 37. Rc1 Bg6 38. Rd1 1/2-1/2

[Event "FIDE Chesscom Grand Swiss 2019"]
[Site "Douglas-Isle of Man"]
[Date "2019.10.15"]
[Round "6.29"]
[White "Munguntuul, Batkhuyag"]
[Black "Efimenko, Zahar"]
[Result "1/2-1/2"]
[ECO "B07"]
[WhiteElo "2421"]
[BlackElo "2604"]
[Annotator "ChessBase"]
[PlyCount "111"]
[EventDate "2019.10.10"]
[EventType "swiss"]
[EventCountry "GBR"]
[SourceTitle "playchess.com"]
[Source "ChessBase"]
[SourceQuality "1"]
[TimeControl "40/6000+30:20/3000+30:900+30"]

1. e4 g6 2. d4 Bg7 3. Nc3 d6 4. Be3 a6 5. h4 Nf6 6. f3 Nbd7 7. g4 h6 8. Qd2 b5 9. Nge2 b4 10. Na4 Rb8 11. Ng3 c5 12. b3 Qa5 13. Rd1 cxd4 14. Bxd4 Bb7 15. Be2 e5 16. Be3 d5 17. g5 hxg5 18. hxg5 Rxh1+ 19. Nxh1 Ng8 20. exd5 Ne7 21. Bc4 Nf5 22. Nf2 Nd4 23. Bxd4 exd4 24. Ne4 Bxd5 25. Nac5 Bxc4 26. Nxd7 Kxd7 27. bxc4 Qf5 28. Kf2 Be5 29. Rh1 a5 30. Qd3 Ke7 31. Rh4 a4 32. c5 Qe6 33. Nd6 Qd5 34. Re4 Kf8 35. Qc4 Qxc4 36. Nxc4 Bc7 37. Rxd4 Ke7 38. Ne3 Ke6 39. Re4+ Kd7 40. Nd5 Ba5 41. Ke3 Kc6 42. Re5 b3 43. cxb3 axb3 44. axb3 Rxb3+ 45. Ke4 Bd2 46. Re7 Kxc5 47. f4 Rb1 48. Rxf7 Re1+ 49. Kd3 Kxd5 50. Kxd2 Re4 51. Kd3 Ra4 52. Rd7+ Ke6 53. Rd4 Ra1 54. Ke4 Re1+ 55. Kf3 Rf1+ 56. Ke4 1/2-1/2

[Event "FIDE Chesscom Grand Swiss 2019"]
[Site "Douglas-Isle of Man"]
[Date "2019.10.15"]
[Round "6.30"]
[White "Movsesian, Sergei"]
[Black "Sebag, Marie"]
[Result "1/2-1/2"]
[ECO "B26"]
[WhiteElo "2654"]
[BlackElo "2445"]
[Annotator "RC"]
[PlyCount "70"]
[EventDate "2019.10.10"]
[EventType "swiss"]
[EventCountry "GBR"]
[SourceTitle "playchess.com"]
[Source "ChessBase"]
[SourceQuality "1"]
[TimeControl "40/6000+30:20/3000+30:900+30"]

1. e4 c5 2. Nc3 Nc6 3. g3 g6 4. Bg2 Bg7 5. d3 d6 6. Be3 Rb8 7. Qd2 b5 8. h3 b4 9. Nd1 e6 10. Nf3 Nd4 11. Nh2 Qa5 12. O-O Bd7 13. a3 h5 14. Bg5 Qc7 15. axb4 cxb4 16. Rc1 Ne7 17. h4 a5 18. Nf3 Nec6 19. Nxd4 Nxd4 20. b3 Qc5 21. Be3 O-O 22. f4 f5 23. Qf2 e5 24. Nb2 Rbc8 25. exf5 Bxf5 26. Nc4 exf4 27. gxf4 Rce8 28. Kh1 Bd7 29. Nd2 Rxe3 30. Qxe3 Nxb3 31. d4 Nxd4 32. Ne4 Qc7 33. Ng5 Nf5 34. Qb3+ Kh8 35. Nf7+ Kh7 1/2-1/2

[Event "FIDE Chesscom Grand Swiss 2019"]
[Site "Douglas-Isle of Man"]
[Date "2019.10.15"]
[Round "6.30"]
[White "Puranik, Abhimanyu"]
[Black "Robson, Ray"]
[Result "1/2-1/2"]
[ECO "B91"]
[WhiteElo "2571"]
[BlackElo "2670"]
[Annotator "RC"]
[PlyCount "61"]
[EventDate "2019.10.10"]
[EventType "swiss"]
[EventCountry "GBR"]
[SourceTitle "playchess.com"]
[Source "ChessBase"]
[SourceQuality "1"]
[TimeControl "40/6000+30:20/3000+30:900+30"]

1. e4 c5 2. Nf3 d6 3. d4 cxd4 4. Nxd4 Nf6 5. Nc3 a6 6. g3 e5 7. Nde2 Be7 8. Bg2 Be6 9. a4 Nbd7 10. O-O O-O 11. b3 b5 12. axb5 axb5 13. Rxa8 Qxa8 14. Nxb5 Nxe4 15. Qe1 Qb8 16. Nbd4 exd4 17. Bxe4 Bh3 18. Bg2 Bxg2 19. Kxg2 Bf6 20. Qd2 Rc8 21. Rd1 Qb7+ 22. Kg1 d3 23. Qxd3 Ne5 24. Qd5 Qxd5 25. Rxd5 Rxc2 26. Kf1 Nf3 27. h4 h5 28. Rxd6 Nd4 29. Nxd4 Rxc1+ 30. Kg2 Rb1 31. Ne2 1/2-1/2

[Event "FIDE Chesscom Grand Swiss 2019"]
[Site "Douglas-Isle of Man"]
[Date "2019.10.15"]
[Round "6.31"]
[White "Eljanov, Pavel"]
[Black "Rakhmanov, Aleksandr"]
[Result "1/2-1/2"]
[ECO "D37"]
[WhiteElo "2663"]
[BlackElo "2621"]
[Annotator "RC"]
[PlyCount "89"]
[EventDate "2019.10.10"]
[EventType "swiss"]
[EventCountry "GBR"]
[SourceTitle "playchess.com"]
[Source "ChessBase"]
[SourceQuality "1"]
[TimeControl "40/6000+30:20/3000+30:900+30"]

1. d4 d5 2. c4 e6 3. Nc3 a6 4. cxd5 exd5 5. Nf3 Nf6 6. Bg5 Be6 7. e3 Nbd7 8. Bd3 Bd6 9. O-O c6 10. h3 Qc7 11. Qd2 O-O 12. Bf4 Rfe8 13. Rfe1 Nf8 14. Bxd6 Qxd6 15. Ne5 N6d7 16. f4 f6 17. Nf3 Bf7 18. a4 Bg6 19. f5 Bf7 20. a5 c5 21. Bc2 cxd4 22. Qxd4 Ne5 23. Nxe5 fxe5 24. Qh4 Nd7 25. Ba4 Red8 26. Bxd7 Rxd7 27. Na4 Rad8 28. Rac1 Rc7 29. Rxc7 Qxc7 30. b4 Re8 31. Qg3 Qc2 32. f6 Qg6 33. Qxg6 Bxg6 34. fxg7 Kxg7 35. Nc5 Re7 36. Rd1 Bf7 37. Kf2 Kf6 38. g4 h6 39. Kg3 Kg6 40. h4 Kf6 41. h5 Bg8 42. Kh4 Rg7 43. Rf1+ Ke7 44. Rf5 Be6 45. Nxe6 1/2-1/2

[Event "FIDE Chesscom Grand Swiss 2019"]
[Site "Douglas-Isle of Man"]
[Date "2019.10.15"]
[Round "6.31"]
[White "Ushenina, Anna"]
[Black "Iturrizaga Bonelli, Eduardo"]
[Result "1-0"]
[ECO "A50"]
[WhiteElo "2431"]
[BlackElo "2629"]
[Annotator "RC"]
[PlyCount "77"]
[EventDate "2019.10.10"]
[EventType "swiss"]
[EventCountry "GBR"]
[SourceTitle "playchess.com"]
[Source "ChessBase"]
[SourceQuality "1"]
[TimeControl "40/6000+30:20/3000+30:900+30"]

1. d4 Nf6 2. c4 b6 3. Nc3 Bb7 4. Qc2 d5 5. cxd5 Nxd5 6. e4 Nxc3 7. bxc3 e6 8. Nf3 Be7 9. Bb5+ c6 10. Bc4 c5 11. O-O O-O 12. Bf4 Nc6 13. Rad1 Na5 14. Bd3 c4 15. Be2 Rc8 16. d5 exd5 17. exd5 Bf6 18. Ne5 Bxe5 19. Bxe5 Qg5 20. Bg3 Rcd8 21. Bf3 Bc8 22. Rd4 Bf5 23. Qd1 Rd7 24. Bh4 Qg6 25. Re1 Qd6 26. Qe2 Bd3 27. Qe3 f6 28. Bg3 Qa3 29. Qe6+ Rff7 30. Qe8+ Qf8 31. d6 g6 32. Bd5 Kg7 33. Bxf7 Qxf7 34. Qxd7 Qxd7 35. Re7+ Qxe7 36. dxe7 Kf7 37. Rd7 Ke8 38. Rc7 Be4 39. Bd6 1-0

[Event "FIDE Chesscom Grand Swiss 2019"]
[Site "Douglas-Isle of Man"]
[Date "2019.10.15"]
[Round "6.32"]
[White "Le, Quang Liem"]
[Black "Keymer, Vincent"]
[Result "1-0"]
[ECO "B80"]
[WhiteElo "2708"]
[BlackElo "2506"]
[Annotator "RC"]
[PlyCount "129"]
[EventDate "2019.10.10"]
[EventType "swiss"]
[EventCountry "GBR"]
[SourceTitle "playchess.com"]
[Source "ChessBase"]
[SourceQuality "1"]
[TimeControl "40/6000+30:20/3000+30:900+30"]

1. e4 c5 2. Nc3 a6 3. Nge2 d6 4. g3 Nf6 5. Bg2 Nc6 6. O-O e6 7. d4 cxd4 8. Nxd4 Bd7 9. Be3 Ne5 10. h3 Rc8 11. a4 Be7 12. Nde2 O-O 13. b3 Nc6 14. g4 Nb4 15. a5 Bc6 16. g5 Nd7 17. f4 Nc5 18. Ng3 d5 19. exd5 Nxd5 20. Nxd5 Bxd5 21. Bxd5 exd5 22. Rf2 Ne6 23. Bb6 Qd7 24. Qg4 Qc6 25. Re1 Bb4 26. Ree2 Nc5 27. f5 Ne4 28. Nxe4 dxe4 29. Rxe4 Bc5 30. Bxc5 Qxc5 31. b4 Qc3 32. f6 Rfe8 33. Re7 Rxe7 34. fxe7 Re8 35. Re2 Qc7 36. Kf1 Rxe7 37. Rxe7 Qxe7 38. Qc8+ Qf8 39. Qxb7 h6 40. gxh6 Qd6 41. Qc8+ Kh7 42. hxg7 Qf4+ 43. Kg2 Qe4+ 44. Kg3 Qe3+ 45. Kg4 Qe4+ 46. Kg5 Kxg7 47. Qc3+ Kg8 48. Qg3 Kg7 49. c3 Kf8 50. Qd6+ Kg8 51. Qd4 Qf3 52. Kh4 Kh7 53. Qe5 Qf2+ 54. Kg4 Qg2+ 55. Qg3 Qe4+ 56. Qf4 Qg2+ 57. Kh4 Qg6 58. Qf3 Kh6 59. Qf4+ Kh7 60. c4 Qe6 61. c5 Qe1+ 62. Kg4 Qe2+ 63. Qf3 f5+ 64. Kf4 Qc4+ {[%emt 0:00:32] Ke4} 65. Ke5 1-0

[Event "FIDE Chesscom Grand Swiss 2019"]
[Site "Douglas-Isle of Man"]
[Date "2019.10.15"]
[Round "6.32"]
[White "Gonzalez Vidal, Yuri"]
[Black "Bulmaga, Irina"]
[Result "1-0"]
[ECO "C54"]
[WhiteElo "2552"]
[BlackElo "2442"]
[Annotator "ChessBase"]
[PlyCount "69"]
[EventDate "2019.10.10"]
[EventType "swiss"]
[EventCountry "GBR"]
[SourceTitle "playchess.com"]
[Source "ChessBase"]
[SourceQuality "1"]
[TimeControl "40/6000+30:20/3000+30:900+30"]

1. e4 e5 2. Nf3 Nc6 3. Bc4 Bc5 4. c3 Nf6 5. d3 d6 6. Bb3 a6 7. h3 h6 8. Nbd2 Ba7 9. Nf1 d5 10. Qe2 O-O 11. Ng3 Re8 12. O-O Be6 13. Rd1 Qc8 14. Bc2 b5 15. d4 exd4 16. e5 Bxh3 17. gxh3 d3 18. Qxd3 Nxe5 19. Nxe5 Rxe5 20. Qf1 Nh5 21. Nxh5 Rxh5 22. Rd3 Qf5 23. Bd1 Rh4 24. Rf3 Qe5 25. Bc2 Re8 26. Be3 c5 27. Qg2 d4 28. Rf5 Qe6 29. Bd2 Bb8 30. cxd4 Qe2 31. Qd5 Rf8 32. dxc5 Rxh3 33. Qe4 Qxd2 34. Rd5 Bh2+ 35. Kf1 1-0

[Event "FIDE Chesscom Grand Swiss 2019"]
[Site "Douglas-Isle of Man"]
[Date "2019.10.15"]
[Round "6.33"]
[White "Alekseev, Evgeny"]
[Black "Shankland, Sam"]
[Result "1/2-1/2"]
[ECO "C77"]
[WhiteElo "2629"]
[BlackElo "2705"]
[Annotator "RC"]
[PlyCount "71"]
[EventDate "2019.10.10"]
[EventType "swiss"]
[EventCountry "GBR"]
[SourceTitle "playchess.com"]
[Source "ChessBase"]
[SourceQuality "1"]
[TimeControl "40/6000+30:20/3000+30:900+30"]

1. e4 e5 2. Nf3 Nc6 3. Bb5 a6 4. Ba4 Nf6 5. d3 Bc5 6. c3 b5 7. Bc2 d5 8. O-O O-O 9. Nbd2 Be6 10. h3 dxe4 11. dxe4 Bb6 12. Re1 Nh5 13. Nf1 Qf6 14. Ne3 Rad8 15. Nd5 Qg6 16. Kf1 f5 17. Qe2 Rxd5 18. exd5 Bxd5 19. Rd1 Bc4 20. Bb3 Bxb3 21. axb3 e4 22. Nh4 Qe8 23. Rxa6 Ne5 24. Be3 Nd3 25. Bxb6 Nhf4 26. Qe3 cxb6 27. Rda1 Qh5 28. g3 g5 29. Ra8 Rxa8 30. Rxa8+ Kf7 31. Ra7+ Kg8 32. gxf4 Qd1+ 33. Kg2 gxh4 34. Ra8+ Kf7 35. Ra7+ Kg8 36. Ra8+ 1/2-1/2

[Event "FIDE Chesscom Grand Swiss 2019"]
[Site "Douglas-Isle of Man"]
[Date "2019.10.15"]
[Round "6.33"]
[White "Gukesh D"]
[Black "Houska, Jovanka"]
[Result "1-0"]
[ECO "B12"]
[WhiteElo "2520"]
[BlackElo "2430"]
[Annotator "ChessBase"]
[PlyCount "61"]
[EventDate "2019.10.10"]
[EventType "swiss"]
[EventCountry "GBR"]
[SourceTitle "playchess.com"]
[Source "ChessBase"]
[SourceQuality "1"]
[TimeControl "40/6000+30:20/3000+30:900+30"]

1. e4 c6 2. d4 d5 3. e5 Bf5 4. Nf3 e6 5. Be2 Ne7 6. O-O c5 7. Na3 Nec6 8. c4 Be4 9. Nb5 Nd7 10. Bg5 Qb8 11. Rc1 dxc4 12. Nd2 Bd5 13. Bxc4 a6 14. Nd6+ Bxd6 15. Bxd5 exd5 16. exd6 Nxd4 17. Re1+ Kf8 18. Nf3 Qxd6 19. Be7+ Qxe7 20. Rxe7 Kxe7 21. Nxd4 cxd4 22. Qxd4 Rhc8 23. Re1+ Kf8 24. Qxd5 Nc5 25. b4 Ne6 26. Qxb7 Rcb8 27. Qe4 a5 28. bxa5 Rxa5 29. Qxh7 Rb4 30. Qh8+ Ke7 31. Qxg7 1-0

[Event "FIDE Chesscom Grand Swiss 2019"]
[Site "Douglas-Isle of Man"]
[Date "2019.10.15"]
[Round "6.34"]
[White "Amin, Bassem"]
[Black "Esipenko, Andrey"]
[Result "1-0"]
[ECO "C54"]
[WhiteElo "2699"]
[BlackElo "2624"]
[Annotator "RC"]
[PlyCount "57"]
[EventDate "2019.10.10"]
[EventType "swiss"]
[EventCountry "GBR"]
[SourceTitle "playchess.com"]
[Source "ChessBase"]
[SourceQuality "1"]
[TimeControl "40/6000+30:20/3000+30:900+30"]

1. e4 e5 2. Nf3 Nc6 3. Bc4 Bc5 4. O-O Nf6 5. d3 d6 6. c3 O-O 7. Re1 h6 8. Nbd2 a5 9. Nf1 a4 10. Ng3 Ra5 11. d4 Bb6 12. h3 exd4 13. cxd4 d5 14. exd5 Nxd5 15. a3 Nce7 16. Qd3 Ra8 17. Ba2 Ng6 18. Ne5 Ndf4 19. Bxf4 Nxf4 20. Qf3 Qxd4 21. Rad1 Qxb2 22. Bxf7+ Rxf7 23. Rd8+ Rf8 24. Rxf8+ Kxf8 25. Qxf4+ Kg8 26. Qf7+ Kh7 27. Qg6+ Kg8 28. Nd3 Bxf2+ 29. Kh1 1-0

[Event "FIDE Chesscom Grand Swiss 2019"]
[Site "Douglas-Isle of Man"]
[Date "2019.10.15"]
[Round "6.34"]
[White "Rakotomaharo, Fy Antenaina"]
[Black "Kashlinskaya, Alina"]
[Result "1/2-1/2"]
[ECO "C48"]
[WhiteElo "2428"]
[BlackElo "2481"]
[Annotator "RC"]
[PlyCount "69"]
[EventDate "2019.10.10"]
[EventType "swiss"]
[EventCountry "GBR"]
[SourceTitle "playchess.com"]
[Source "ChessBase"]
[SourceQuality "1"]
[TimeControl "40/6000+30:20/3000+30:900+30"]

1. e4 e5 2. Nf3 Nf6 3. Nc3 Nc6 4. Bb5 Nd4 5. Bc4 Bc5 6. d3 d6 7. Na4 b5 8. Nxd4 bxc4 9. Nf5 Bxf5 10. exf5 cxd3 11. Nxc5 dxc5 12. Qxd3 Qxd3 13. cxd3 O-O-O 14. Ke2 Nd5 15. Rd1 Rd6 16. Bg5 h6 17. Be3 Nf4+ 18. Bxf4 exf4 19. Rac1 Rd5 20. Rc4 Rxf5 21. Kf3 Re8 22. Rdc1 Rd5 23. R1c3 Red8 24. Rxf4 Rxd3+ 25. Rxd3 Rxd3+ 26. Ke2 Rd7 27. Rf5 c4 28. Rf4 c3 29. bxc3 Kb7 30. h4 f6 31. Ke3 Rd5 32. Rb4+ Kc6 33. Rc4+ Kb6 34. a4 c5 35. Ke4 1/2-1/2

[Event "FIDE Chesscom Grand Swiss 2019"]
[Site "Douglas-Isle of Man"]
[Date "2019.10.15"]
[Round "6.35"]
[White "Movsziszian, Karen"]
[Black "Soumya, Swaminathan"]
[Result "1/2-1/2"]
[ECO "A08"]
[WhiteElo "2475"]
[BlackElo "2365"]
[Annotator "ChessBase"]
[PlyCount "94"]
[EventDate "2019.10.10"]
[EventType "swiss"]
[EventCountry "GBR"]
[SourceTitle "playchess.com"]
[Source "ChessBase"]
[SourceQuality "1"]
[TimeControl "40/6000+30:20/3000+30:900+30"]

1. g3 c5 2. Bg2 Nc6 3. d3 d5 4. Nd2 Nf6 5. e4 e5 6. Ngf3 Be7 7. O-O d4 8. Nc4 Qc7 9. a4 Be6 10. b3 Nd7 11. Ng5 Bxg5 12. Bxg5 f6 13. Bd2 h5 14. f4 h4 15. f5 Bxc4 16. bxc4 hxg3 17. hxg3 a5 18. Bf3 O-O-O 19. Bh5 Nb6 20. Kg2 Rdf8 21. Rh1 Nb4 22. Qb1 Kb8 23. g4 Qc6 24. Qb3 Nc8 25. Rh3 Ne7 26. Rah1 Qc8 27. Kf2 Rhg8 28. Rf3 Rh8 29. Ke2 Qc6 30. Be1 Nc8 31. Bf2 Nb6 32. Ra1 Kc7 33. Kd2 Kb8 34. Kc1 Nc8 35. Kb2 Kc7 36. Rh3 Kb8 37. Rah1 Ne7 38. Bg3 Ka8 39. R3h2 Qc8 40. Ka3 Ka7 41. Qb1 Qd7 42. g5 Qc8 43. Qd1 Ka6 44. Qe2 Qc6 45. Qd1 Qc8 46. Kb3 Qc6 47. Ka3 Qc8 1/2-1/2

[Event "FIDE Chesscom Grand Swiss 2019"]
[Site "Douglas-Isle of Man"]
[Date "2019.10.15"]
[Round "6.36"]
[White "Cramling, Pia"]
[Black "Danielian, Elina"]
[Result "1/2-1/2"]
[ECO "D27"]
[WhiteElo "2462"]
[BlackElo "2385"]
[Annotator "ChessBase"]
[PlyCount "127"]
[EventDate "2019.10.10"]
[EventType "swiss"]
[EventCountry "GBR"]
[SourceTitle "playchess.com"]
[Source "ChessBase"]
[SourceQuality "1"]
[TimeControl "40/6000+30:20/3000+30:900+30"]

1. d4 d5 2. Nf3 Nf6 3. c4 dxc4 4. e3 e6 5. Bxc4 c5 6. O-O Nc6 7. Nc3 a6 8. Bb3 b5 9. dxc5 Bxc5 10. Qxd8+ Kxd8 11. Bd2 Bb7 12. Rfc1 Bd6 13. Ng5 Ke7 14. Nce4 Nxe4 15. Nxe4 Rhd8 16. Nxd6 Rxd6 17. Be1 Rd7 18. Rc5 Rc8 19. Rac1 Na7 20. Rxc8 Nxc8 21. f3 Na7 22. Bb4+ Ke8 23. Bc3 Kf8 24. Kf2 Nc6 25. Rd1 Rxd1 26. Bxd1 f6 27. Bc2 h6 28. h4 Ke7 29. h5 Kd6 30. Be4 b4 31. Bd4 Nd8 32. Bd3 Nc6 33. Bb6 Ne5 34. Be2 Bd5 35. b3 Bb7 36. e4 Bc8 37. Ke3 Nc6 38. f4 Bb7 39. g3 e5 40. Bc4 Bc8 41. Be2 Nb8 42. Kd2 Bd7 43. Ba7 Nc6 44. Be3 Bc8 45. Kd3 Be6 46. Bf2 Bd7 47. Bb6 Be6 48. Bf3 Bd7 49. Ke3 Nb8 50. Be2 Be6 51. fxe5+ fxe5 52. g4 Bf7 53. Bd8 Nc6 54. Bh4 a5 55. g5 hxg5 56. Bxg5 Nd4 57. Bd8 Nxe2 58. Kxe2 a4 59. bxa4 Bxh5+ 60. Ke3 Bf7 61. Ba5 b3 62. Bb4+ Kd7 63. axb3 Bxb3 64. a5 1/2-1/2

[Event "FIDE Chesscom Grand Swiss 2019"]
[Site "Douglas-Isle of Man"]
[Date "2019.10.15"]
[Round "6.37"]
[White "Batsiashvili, Nino"]
[Black "Arkell, Keith C"]
[Result "1/2-1/2"]
[ECO "A12"]
[WhiteElo "2422"]
[BlackElo "2447"]
[Annotator "NA"]
[PlyCount "175"]
[EventDate "2019.10.10"]
[EventType "swiss"]
[EventCountry "GBR"]
[SourceTitle "playchess.com"]
[Source "ChessBase"]
[SourceQuality "1"]
[TimeControl "40/6000+30:20/3000+30:900+30"]

1. Nf3 d5 2. c4 c6 3. b3 Bg4 4. Bb2 Bxf3 5. exf3 e6 6. d4 g6 7. Nd2 Bg7 8. f4 dxc4 9. Nxc4 Ne7 10. Be2 Nf5 11. Ne5 Qa5+ 12. Qd2 Qxd2+ 13. Kxd2 O-O 14. g4 Ne7 15. h4 Rd8 16. Ke3 Nd7 17. h5 Nd5+ 18. Kf3 Nxf4 19. Kxf4 Nxe5 20. h6 Bh8 21. dxe5 Rd2 22. Rhe1 Rxb2 23. Rad1 g5+ 24. Kf3 Bxe5 25. Rd7 c5 26. Rxb7 Rxa2 27. Bc4 Bd4 28. Re2 Ra1 29. Kg2 a5 30. Bb5 Rb1 31. Bd3 Ra1 32. Bb5 Rd8 33. Rd2 Rb1 34. Ba4 Rb2 35. Rxb2 Bxb2 36. Rb5 Bd4 37. Rxa5 Kf8 38. Bc6 Rb8 39. Ra3 Ke7 40. Be4 Kf6 41. Bc2 Be5 42. Ra6 Rd8 43. Ra4 Bd6 44. Rc4 Rb8 45. Rc3 Rb4 46. Rc4 Rb8 47. Rc3 Ke7 48. Rh3 Rh8 49. Kf1 Be5 50. Ke2 Bd4 51. Kf3 Kd6 52. Kg2 Ke5 53. Kg3 f5 54. Rh5 Rg8 55. Bd3 Kf6 56. gxf5 Be5+ 57. Kg2 exf5 58. Rh3 g4 59. Rh5 Rg5 60. Rxg5 Kxg5 61. f3 Bd6 62. fxg4 Kxg4 63. Bc4 Kg5 64. Be6 Bf8 65. Kf3 Bxh6 66. Bc8 Bf8 67. Ba6 h5 68. Bf1 h4 69. Bh3 Bd6 70. Bf1 Kf6 71. Bh3 Ke5 72. Bf1 Kd4 73. Bh3 Ke5 74. Bf1 Kf6 75. Bh3 Bg3 76. Bf1 Ke5 77. Bh3 f4 78. Bc8 Kd4 79. Be6 Kd3 80. Kg4 Ke4 81. Bc8 Ke3 82. Bb7 Kf2 83. Bc6 f3 84. Bd5 Bd6 85. Kxh4 Ke2 86. Kh3 Bc7 87. Bc6 Ke3 88. Bd5 1/2-1/2

[Event "FIDE Chesscom Grand Swiss 2019"]
[Site "Douglas-Isle of Man"]
[Date "2019.10.15"]
[Round "6.38"]
[White "Zatonskih, Anna"]
[Black "Atalik, Ekaterina"]
[Result "1-0"]
[ECO "D77"]
[WhiteElo "2422"]
[BlackElo "2464"]
[Annotator "ChessBase"]
[PlyCount "107"]
[EventDate "2019.10.10"]
[EventType "swiss"]
[EventCountry "GBR"]
[SourceTitle "playchess.com"]
[Source "ChessBase"]
[SourceQuality "1"]
[TimeControl "40/6000+30:20/3000+30:900+30"]

1. d4 Nf6 2. Nf3 g6 3. g3 Bg7 4. Bg2 d5 5. O-O O-O 6. c4 dxc4 7. Na3 Nc6 8. Nxc4 Be6 9. b3 a5 10. Bb2 a4 11. Ng5 Bd5 12. e4 Bxc4 13. bxc4 a3 14. Bc3 e5 15. dxe5 Nd7 16. f4 Nb6 17. Qe2 Nxe5 18. Bb4 Qd4+ 19. Kh1 Qxc4 20. Qxc4 Nexc4 21. e5 Rfb8 22. Rfc1 Ne3 23. Bf3 h6 24. Ne4 Nbd5 25. Bc5 Nf5 26. Rab1 Ra4 27. Nc3 Nxc3 28. Rxc3 b6 29. Bc6 Ra5 30. g4 Nh4 31. Bb4 Ra7 32. Rd3 g5 33. f5 Bxe5 34. Rd7 Raa8 35. Re1 Bf6 36. Bxa8 Rxa8 37. Rxc7 Nf3 38. Re3 Ne5 39. h3 Rd8 40. Bc3 Rd5 41. Rb7 Rb5 42. Bxe5 Bxe5 43. Rxa3 Bd4 44. Raa7 Rb1+ 45. Kg2 b5 46. Ra8+ Kg7 47. Rd8 Bc3 48. Rdd7 Kf6 49. Kf3 b4 50. Rxf7+ Ke5 51. Rfe7+ Kd5 52. Re2 Rf1+ 53. Kg2 Ra1 54. f6 1-0